Cogmind - Beta 15 @@@ ROGUE MODE // 2025.07.09 @ 21:30:08 Player: Skysub Result: Destroyed by S-10 Pest with Light Assault Rifle Performance ------------- Evolutions (0) 0 Regions Visited (2) 400 Robots Destroyed (29) 145 Value Destroyed (599) 599 Prototype IDs (0) 0 Alien Tech Used (0) 0 Bonus (0) 0 TOTAL SCORE: 1144 Bonus ------- None Cogmind --------- Core Integrity 0/250 Matter 249/300 Energy 99/100 System Corruption 2% Temperature Cool (0) Movement Rolling (110) Location -10/Subcaves Parts ------- > --- POWER (1) -------- (None) > --- PROPULSION (2) --- Subdweller Monowheel > --- UTILITY (2) ------ Improved Targeting Computer > --- WEAPON (2) ------- Subdweller Machine Gun > --- INVENTORY (5) ---- Ion Engine Subdweller Power Source Subdweller Optics Mining Laser Peak State ------------ > --- POWER ------------ Light Ion Engine > --- PROPULSION ------- Light Treads Light Treads > --- UTILITY ---------- Small Storage Unit Structural Scanner > --- WEAPON ----------- Assault Rifle Grenade Launcher > --- INVENTORY -------- Ion Engine Wheel Improved Targeting Computer Medium Laser Light Assault Rifle Mining Laser [Rating: 7] Favorites ----------- Power Light Ion Engine Engine Light Ion Engine Propulsion Light Treads Treads Light Treads Wheel Wheel Utility Small Storage Unit Device Structural Scanner Storage Small Storage Unit Processor Improved Targeting Computer Protection Light Armor Plating Weapon Assault Rifle Energy Gun Medium Laser Ballistic Gun Assault Rifle Launcher Grenade Launcher Build | -11 -10 -10 ------- Run | Yrd Mat Sub Slots Evolved . | . . . Power . | . . . Propulsion . | . . . Utility . | . . . Weapon . | . . . Parts Attached 18 | 6 5 7 Power 1 | 1 . . Engine 1 | 1 . . Core . | . . . Reactor . | . . . Propulsion 5 | 2 1 2 Treads 2 | 2 . . Leg . | . . . Wheel 3 | . 1 2 Hover . | . . . Flight . | . . . Utility 6 | 1 2 3 Device 1 | . 1 . Storage 2 | 1 1 . Processor 1 | . . 1 Hackware . | . . . Protection 2 | . . 2 Artifact . | . . . Weapon 6 | 2 2 2 Energy Gun 1 | . 1 . Energy Cannon . | . . . Ballistic Gun 4 | 2 . 2 Ballistic Cannon . | . . . Launcher 1 | . 1 . Special Weapon . | . . . Impact Weapon . | . . . Slashing Weapon . | . . . Piercing Weapon . | . . . Special Melee Weapon . | . . . Unidentified Prototypes . | . . . Parts Lost 12 | . 2 10 Power 1 | . . 1 Propulsion 4 | . 1 3 Utility 2 | . . 2 Weapon 5 | . 1 4 Highest Loss Streak 5 | . 2 5 To Critical Strikes . | . . . Average Backups 5 | 2 6 5 Power 1 | . 1 1 Propulsion . | . . . Utility 1 | . 1 2 Weapon 2 | . 2 1 Tool/Special . | . . . Unused Backups 5 | . . 5 Power 2 | . . 2 Propulsion . | . . . Utility 2 | . . 2 Weapon 1 | . . 1 Tool/Special . | . . . Average Slot Usage (%) 68 | . 89 36 Engine 10 | . 14 3 Treads 15 | . 24 . Wheel 4 | . 2 8 Device 5 | . 8 . Storage 10 | . 14 3 Protection 2 | . . 5 Energy Gun 4 | . 4 3 Ballistic Gun 12 | . 14 9 Launcher 3 | . 6 . Peak Build Rating 7 | 6 7 7 Average Rating 5 | 5 6 3 On Entrance 4 | . 6 7 Naked Turns 105 | . . 105 Heaviest Build 30 | 11 29 30 Greatest Support 40 | 40 40 30 Greatest Overweight (x) 2 | . 2 2 Average Overweight (x) . | . . . Largest Inventory Capacity 15 | 8 15 15 Average Capacity 9 | 7 11 7 Most Carried 8 | 4 8 8 Average Carried 5 | 2 6 5 Final Capacity 15 | 8 15 5 Final Carried 6 | 4 6 4 Class Distribution -------------------- 100% | Mutant Dominant Class ---------------- Mutant | -10/Materials Mutant | -10/Subcaves Resources | -11 -10 -10 ----------- Run | Yrd Mat Sub Matter Collected 674 | 225 243 206 Remotely . | . . . Salvage Created 825 | 159 519 147 Parts 58 | 9 41 8 Haulers Intercepted . | . . . Recyclers Shooed 1 | 1 . . Parts Field Recycled . | . . . Retrieved Matter . | . . . Parts Self-Destructed 4 | . . 4 Prevented . | . . . Kills | -11 -10 -10 ------- Run | Yrd Mat Sub Combat Hostiles Destroyed 19 | . 16 3 Guns 12 | . 9 3 AOE 7 | . 7 . Classes Destroyed 10 | 3 4 3 Worker 2 | 2 . . Builder 2 | . 2 . Tunneler 3 | 2 1 . Recycler 1 | 1 . . Watcher 2 | . 2 . Swarmer 7 | . 6 1 Grunt 10 | . 10 . Sentry 1 | . . 1 Cobbler 1 | . . 1 Subdweller 1 | . . 1 Best Kill Streak 6 | 4 6 1 Combat Bots Only 4 | . 4 1 Max Kills in Single Turn 3 | 1 3 1 Gunslinging . | . . . Exploded 2 | . 2 . Melee . | . . . Uniques/NPCs Destroyed . | . . . Combat | -11 -10 -10 -------- Run | Yrd Mat Sub Hostile Shots Fired 155 | . 67 88 Missed 49 | . 14 35 Hits 106 | . 53 53 Projectile 106 | . 53 53 Critical Strikes 3 | . . 3 Damage Taken 1374 | . 565 809 Core 251 | . 87 164 Absorbed by Shields . | . . . Core Remaining (%) 100 | 100 . . Volleys Fired 109 | 21 51 37 Largest 2 | 2 2 2 Hottest 70 | 40 70 70 Shots Fired 170 | 42 76 52 Gun 163 | 42 69 52 Cannon . | . . . Launcher 7 | . 7 . Special . | . . . Kinetic 136 | 42 57 37 Thermal 27 | . 12 15 Explosive 7 | . 7 . Electromagnetic . | . . . Robot Hit Streak 14 | 7 7 14 Robot Miss Streak 4 | 4 4 3 Penetration Max . | . . . Secondary Targets . | . . . Shots Hit Robots 107 | 23 48 36 Core Hits 54 | 9 33 12 Critical Kills 1 | 1 . . Critical Parts Destroyed . | . . . Critical Strikes 2 | 1 . 1 Burn 1 | . . 1 Destroy 1 | 1 . . Melee Attacks . | . . . Impact . | . . . Slashing . | . . . Piercing . | . . . Sneak Attacks . | . . . Combat Hostiles . | . . . Follow-up Attacks . | . . . Damage Inflicted 1620 | 237 899 484 Guns 1248 | 237 527 484 Cannons . | . . . Explosions 357 | . 357 . Melee . | . . . Ramming 15 | . 15 . Kinetic 996 | 237 415 344 Thermal 252 | . 112 140 Explosive 357 | . 357 . Electromagnetic . | . . . Impact . | . . . Slashing . | . . . Piercing . | . . . Highest Corruption 2 | . 2 2 Average Corruption 2 | . 2 2 Corruption Purged . | . . . Corruption Blocked . | . . . Effects 13 | . 2 11 Message Errors 2 | . 1 1 Matter Fused 2 | . . 2 Heat Flow Errors 1 | . . 1 Energy Discharges 2 | . 1 1 Parts Fused 1 | . . 1 Data Loss (minor) 2 | . . 2 Data Loss (major) 1 | . . 1 Misfires 1 | . . 1 Alerts 1 | . . 1 Overload Shots . | . . . Overflow Damage . | . . . Projectiles . | . . . Explosions . | . . . Melee . | . . . Knockbacks . | . . . Impact . | . . . Kinetic . | . . . Secondary . | . . . Self-Inflicted Damage 12 | . 12 . Shots 1 | . 1 . Rammed 2 | . 2 . Targets Rammed 2 | . 2 . Kicked . | . . . Crushed . | . . . Highest Temperature 116 | . 73 116 Average Temperature 24 | . 21 71 Received Heat Transfer 348 | . 231 117 Siege Activations . | . . . Martial Activations . | . . . Shielding Activations . | . . . Robots Disrupted . | . . . Combat Hostiles . | . . . Robots Corrupted . | . . . Combat Hostiles . | . . . Parts Fried . | . . . Impact Corruptions . | . . . Robots Melted . | . . . Combat Hostiles . | . . . Parts Melted . | . . . Heat Transferred 814 | . 333 481 Parts Sabotaged . | . . . Parts Stolen . | . . . Parts Stripped . | . . . Power Chain Reactions . | . . . Alert | -11 -10 -10 ------- Run | Yrd Mat Sub Maximum Alert Level 1 | . 1 . Low Security (%) 80 | 100 77 . Level 1 19 | . 22 . Level 2 . | . . . Level 3 . | . . . Level 4 . | . . . Level 5 . | . . . High Security . | . . . Max Security . | . . . Peak Influence 243 | 15 243 . Initial . | . . . Average 87 | 2 101 . Influence Increases 672 | 25 547 100 Destroy 0b10 Robot/C 360 | . 320 40 Destroy 0b10 Robot/NC 50 | 25 25 . Destroy Leader 74 | . 74 . Successful Hack 17 | . 17 . Select Force Hacks 60 | . 60 . Disable Machine 30 | . 30 . Destroy Structure 21 | . 21 . Lose Combat Pursuer 60 | . . 60 Influence Decreases 640 | 25 355 260 Entered New Map 93 | . . 93 Time Decay 468 | 25 335 108 Lost Part 79 | . 20 59 Squads Dispatched 6 | . 6 . Investigation 4 | . 4 . Extermination . | . . . Reinforcement 2 | . 2 . Assault . | . . . Garrison . | . . . Intercept . | . . . Searches Triggered . | . . . Construction Impeded . | . . . Haulers Reinforced . | . . . Active Scanning Responses . | . . . Cargo Convoy Interrupts . | . . . Stealth | -11 -10 -10 --------- Run | Yrd Mat Sub Distress Signals 1 | . 1 . Communications Jammed . | . . . Distress Signals . | . . . Times Spotted 37 | . 23 14 Peak Tracking Total 7 | . 4 7 Tactical Retreats 4 | . . 4 Traps | -11 -10 -10 ------- Run | Yrd Mat Sub Traps Triggered 2 | . 2 . Indirectly . | . . . Trap Hack Attempts . | . . . Triggered . | . . . Disarmed . | . . . Reprogrammed . | . . . Reused . | . . . Traps Extracted . | . . . Installed . | . . . Triggered . | . . . Machines | -11 -10 -10 ---------- Run | Yrd Mat Sub Machines Disabled 2 | . 2 . Max in Single Turn 1 | . 1 . Machines Repaired . | . . . Machines Dismantled . | . . . Machines Sabotaged . | . . . Overloaded Fab Kills . | . . . Hacking | -11 -10 -10 --------- Run | Yrd Mat Sub Machines Accessed 6 | . 6 . Terminals 4 | . 4 . Fabricators . | . . . Repair Stations . | . . . Recycling Units 2 | . 2 . Scanalyzers . | . . . Garrison Access . | . . . Total Hacks 15 | . 15 . Successful 8 | . 8 . Failed 7 | . 7 . Catastrophic 2 | . 2 . Database Lockouts . | . . . Manual 14 | . 14 . Terminals 9 | . 9 . Fabricators . | . . . Repair Stations . | . . . Recycling Units 6 | . 6 . Scanalyzers . | . . . Garrison Access . | . . . Terminal Hacks . | . . . Fabricator Hacks . | . . . Repair Station Hacks . | . . . Recycling Unit Hacks 2 | . 2 . Report Inventory 2 | . 2 . Scanalyzer . | . . . Garrison Access Hacks . | . . . Unauthorized Hacks 6 | . 6 . Terminals 4 | . 4 . Botnet 1 | . 1 . Skim 3 | . 3 . Fabricators . | . . . Repair Stations . | . . . Recycling Units 2 | . 2 . Tunnel 2 | . 2 . Scanalyzers . | . . . Garrison Access . | . . . Data Cores Recovered . | . . . Used . | . . . Hacking Detections 5 | . 5 . Full Trace Events 1 | . 1 . Feedback Events . | . . . Feedback Blocked . | . . . Robot Schematics Acquired . | . . . Robots Built . | . . . Authchips . | . . . Time . | . . . Total Robot Build Rating . | . . . Part Schematics Acquired . | . . . Parts Built . | . . . Authchips . | . . . Time . | . . . Total Part Build Rating . | . . . Parts Repaired . | . . . Time . | . . . Parts Recycled . | . . . Recycled Matter . | . . . Retrieved Matter . | . . . Retrieved Components . | . . . Parts Scanalyzed . | . . . Part Schematics Acquired . | . . . Parts Damaged . | . . . Bothacking | -11 -10 -10 ------------ Run | Yrd Mat Sub Used RIF Installer . | . . . Robots Hacked . | . . . Non-combat . | . . . Combat . | . . . Robot Hacks Applied . | . . . Relay Couplers Released . | . . . Fabnet Peak Effective % . | . . . Robots Rewired . | . . . Allies Hacked . | . . . Hacks Repelled . | . . . Allies | -11 -10 -10 -------- Run | Yrd Mat Sub Total Allies . | . . . Largest Group . | . . . Highest-Rated Group . | . . . Highest-Rated Ally . | . . . Total Orders . | . . . Ally Attacks . | . . . Total Damage . | . . . Kills . | . . . Allies Corrupted . | . . . Allies Melted . | . . . Intel | -11 -10 -10 ------- Run | Yrd Mat Sub Active Infowar (turns) 522 | . 519 3 Structural 522 | . 519 3 Robot Analysis Total . | . . . Derelict Logs Recovered . | . . . Drone Launches . | . . . Drone Recoveries . | . . . Exploration | -11 -10 -10 ------------- Run | Yrd Mat Sub Turns Passed 1584 | 141 888 555 Spaces Moved 1139 | 45 481 613 Core 447 | 2 . 445 Treads 416 | 43 373 . Legs . | . . . Wheels 276 | . 108 168 Hover . | . . . Flight . | . . . Fastest Speed 50 | 50 110 50 Average Speed 110 | 155 153 73 Slowest Speed 240 | 160 240 110 Overloaded Moves . | . . . Propulsion Burnouts . | . . . Robots Hopped . | . . . Potential Cave-ins . | . . . Cave-ins Triggered . | . . . Exploration Rate (%) 49 | 4 90 54 Regions Visited 2 Branch Regions 1 Pre-discovered Areas 3 | . 2 1 Known Exits Taken . | . . . Unknown Exits Taken 2 | 1 1 . Scrap Searched . | . . . Spaces Dug . | . . . Terrain Destroyed 19 | . 19 . Melee . | . . . Projectile . | . . . AOE 19 | . 19 . Terrain Rammed . | . . . Walls Destroyed . | . . . Machines Disabled . | . . . Actions | -11 -10 -10 --------- Run | Yrd Mat Sub Total 1299 | 76 552 671 Wait 16 | . 8 8 Move 1137 | 44 480 613 Hop . | . . . Pick Up 12 | 5 4 3 Fast Attach 10 | 5 1 4 Attach 6 | 1 2 3 Detach . | . . . Swap 5 | . 3 2 Drop 2 | . 1 1 Fire 109 | 21 51 37 Melee . | . . . Ram . | . . . Kick . | . . . Crush 2 | . 2 . Escape Stasis . | . . . Rewire . | . . . Trap . | . . . Miscellaneous . | . . . Route ------- -11/Scrapyard -10/Materials (discovered 5 exits: [*Mat x2] / [*Min x2] / [*Sub]) -10/Subcaves (discovered 1 exit: [*Mat]) History --------- Turn | Location | Event 34 | -11/Scrapyard | Discovered new exit (range 13) 142 | -11/Scrapyard | Entered Materials 189 | -10/Materials | Discovered new exit (range 15) 314 | -10/Materials | Build established: Mutant 503 | -10/Materials | Discovered new exit (range 16) 698 | -10/Materials | Discovered new exit (range 14) 701 | -10/Materials | Discovered new exit (range 10) 714 | -10/Materials | Discovered new exit (range 7) 1030 | -10/Materials | Entered Subcaves 1189 | -10/Subcaves | Learned location of Zion (-6) 1189 | -10/Subcaves | Met a Zionite searching for "candidates" 1209 | -10/Subcaves | Lost 5 parts (1p1n3w) 1238 | -10/Subcaves | Core integrity fell below 50% 1245 | -10/Subcaves | Shifting Twisted Machinery released Battle Rifle 1246 | -10/Subcaves | Shifting Twisted Machinery released Shrapnel Trap 1312 | -10/Subcaves | Shifting Twisted Machinery released Sub. Power Source 1318 | -10/Subcaves | Shifting Twisted Machinery released Sub. Power Source 1359 | -10/Subcaves | Discovered new exit (range 15) 1364 | -10/Subcaves | Shifting Twisted Machinery released Sub. Machine Gun 1567 | -10/Subcaves | A swath of the cavern ceiling suddenly collapsed 1576 | -10/Subcaves | Core integrity fell below 20% 1585 | -10/Subcaves | Destroyed by S-10 Pest with Light Assault Rifle Last Messages --------------- 01338_ System corrupted: Matter fused (-8). 01359_ EXIT=FOUND Sub. Machine Gun falls loose from the Twisted Machinery. 01367_ Acquired Sub. Machine Gun. 01460_ System corrupted: Heat flow error (+161). 01480_ FS-DNZ(O) cries out in pain. 01480_ FS-DNZ(O) destroyed. 01487_ Acquired Sub. Monowheel. 01489_ System corrupted: Substantial component data lost. 01489_ Acquired Wheel. 01492_ Acquired 42 matter. 01508_ N5-FSB(R): "MADSUB!" 01531_ System corrupted: FCS attempts to trigger Sub. Machine Gun. 01531_ System corrupted: Sub. Machine Gun misfires. 01537_ Acquired 13 matter. 01566_ System corrupted: Component data lost. A swath of the cavern ceiling suddenly collapses. 01573_ Wheel destroyed. 01576_ Destroyed Flight Unit. 01581_ S-10 Pest destroyed. Map ----- +----------------------------------------------------+ | ????????????????????????????????????????????## | | ????????????????????????????????????????????## | | ???????????????????????????????????????????## | | ?????????????????????????????????????????### ## | | ????????????????????????????????????????## ##? | | ????????????????????????????????????????# ##?? | | ????????????????????????????????????????# ###### | | ????????????????????????????????????????## ## | | ?????????????????????????????????????????## | | ??????????????????????????????????#???????## | | ??????????????????????????????????# ??????## # | | ??????????????????????????????????# ???### ## | | ??????????????????????????????????# ?## ####? | | ??????????????????????????????????# ## ##???? | | ???????????????????????????????????# ##???? | | ??????????????????????????????????# ## ##??? | | ?????????????????????????????????# ???## #??? | | ???????????????????????????????????????# ##?? | | ???????????????????????????????????????# ##? | | ???????????????????????????????????????### ## | | ??####?#########????###??????????????????# | | ### ### # # ###### #?????????????????## ### | | ##???????????????## ##??### | | R ;######?????????### ##????? | | ### # #### # #### ;s##;## #?# #????# | | #?#######??######??# #s@;;# ## #??### | | ??????????????????# ;s;##### ## ## #?## | | ??????????????????# ####?????????????## ### | | ??????????????????## #???????????????# ## | | ???????????????????# #???????????????# | | ???????????????????# #???????????????# | | ???????????????????# #??????????????# | | ???????????????????# #??????????????# ## ## | | #??????????????????# #??????????????##?# ### | | #??????????????????# #?????????????????# ###?? | | #??????????????????# #?????????????????# ##???? | | #??????????????????# #????????????????## ####?? | | #??##?????????????? ????????????????# #? | | #?? ###???????????? ????????????????## # | | ?? #???????????? ??????????????????#### | | ## #???????????????????????????????????????# | | #???????????????????????????????????????# | | #???????????????????????????????????????# | | #???????????????????????????????????????# | | #####???????????????????????????????????????# ?? | | ###?????????????????????????????????????????????? | | ##????????????????????????????????????????????? | | #????????????????????????????????????????????# | | #???????????????????????????????????????????## | | ##???????????????????????????????????????????# | +----------------------------------------------------+ Best States ------------- Heat Dissipation 25 Energy Generation 10 Energy Capacity 125 Matter Stores 298 Matter Capacity 300 Sight Range 16 Terrain Scan Density 10 Armor Coverage 150 Evasion (%) 50 Targeting Accuracy 6 Recoil Reduction 2 Item Schematics ----------------- None Robot Schematics ------------------ None Fabricated ------------ Nothing Repaired ---------- Nothing Alien Tech Used ----------------- None Achievements -------------- None Challenges ------------ None Game ------ Seed VampiricSwarmGreatsword Manual? 0 Play Time 00:12:50 Cumulative 150.1 hours Start 2025.07.09 @ 21:20:53 End 2025.07.09 @ 21:30:08 Sessions 1 Manual Loads 0 Difficulty Rogue Special Mode None Game No. 168 Rogue 168 Adventurer 0 Explorer 0 Win Type - Total 3 Types 1/0/0/1/0/0/0/0/0/1 Lore% 65 Gallery% 61 Achievement% 53 Wizard Run 0 Options --------- Layout 1 ASCII 0 Keyboard 1 Movement Numpad Keybinds 0 Fullscreen 1 Font 32/SmallcapsGlow Map View 77x35 Zoom Use 0% Tactical HUD 1 Map Filters NONE Filters NONE Steam 1 RUN: a21d79bd-6996-44f4-8ddd-7d6134743c7a